 Dungeon Sprint DCSS version 0.20-a0-472-g5c05303 (webtiles) character file.

448 w00t the Slicer (level 6, -18/44 HPs)
             Began as a Demonspawn Assassin on Jan 15, 2017.
             Was an Initiate of Dithmenos.
             Demolished by a deep troll (23 damage)
             ... in the Dungeon (Sprint I: "Red Sonja").
             The game lasted 00:00:54 (381 turns).

w00t the Slicer (Demonspawn Assassin)                Turns: 381, Time: 00:00:55

Health: -18/44     AC:  5    Str: 13    XL:     6   Next: 73%
Magic:  6/6        EV: 11    Int: 13    God:    Dithmenos [......]
Gold:   308        SH:  0    Dex: 14    Spells: 5/5 levels left

rFire  . . .     SeeInvis .     a - +2 dagger
rCold  . . .     Gourm    .     c - +0 robe
rNeg   . . .     Faith    .     (no shield)
rPois  .         Spirit   .     (no helmet)
rElec  .         Reflect  .     d - +0 cloak
rCorr  .         Harm     .     (no gloves)
MR     .....     NoTele   +     (no boots)
Stlth  ++++......               (no amulet)
                                (no ring)
                                (no ring)

@: no status effects
A: hooves 2, thin metallic scales 1
a: Renounce Religion


You were in the Dungeon.
You worshipped Dithmenos.
Dithmenos was noncommittal.
You were not hungry.

You visited 1 branch You collected 308 gold pieces.

Inventory:

Hand Weapons
 a - a +2 dagger (weapon)
 b - a +0 blowgun
Missiles
 e - 8 poisoned needles
 f - 2 curare-tipped needles
Armour
 c - a +0 robe (worn)
 d - a +0 cloak (worn)
Scrolls
 m - 2 scrolls of blinking {!r}
 o - a scroll of fear {unknown}
Potions
 h - a potion of curing {@q1}
 i - a potion of heal wounds
 j - a potion of haste
 k - 2 potions of magic
 l - a potion of berserk rage {!q}
Comestibles
 g - a bread ration
 n - 6 chunks of flesh


   Skills:
 - Level 2.0 Fighting
 * Level 10.9 Short Blades
 - Level 1.7 Throwing
 - Level 0.8 Dodging
 + Level 9.2 Stealth


You had 5 spell levels left.
You didn't know any spells.

Dungeon Overview and Level Annotations

Branches:
Dungeon (1/1)

Altars:
Cheibriados
Dithmenos
Elyvilon
Fedhas
Gozag
Hepliaklqana
Kikubaaqudgha
Nemelex Xobeh
Okawaru
Qazlal
Ru
Sif Muna
Trog
Uskayaw
Vehumet
Yredelemnul
Zin
The Shining One

Shops:
D !


Innate Abilities, Weirdness & Mutations

You have hoof-like feet.
You are partially covered in thin metallic scales. (AC +2)


Message History

The deep troll claws you!
* * * LOW HITPOINT WARNING * * *
You hit the deep troll. Your kick misses the deep troll.
The deep troll is lightly wounded.
You hit the deep troll but do no damage.
The deep troll is lightly wounded.
The deep troll bites you!
* * * LOW HITPOINT WARNING * * *
The deep troll claws you.
* * * LOW HITPOINT WARNING * * *
The deep troll claws you.
* * * LOW HITPOINT WARNING * * *
You closely miss the deep troll.
The deep troll is lightly wounded.
You puncture the deep troll!
You kick the deep troll, but do no damage.
The deep troll is lightly wounded.
The deep troll bites you!!
Ouch! That really hurt!
You die...

..'..#.)'..#..+
..#####'#####'# ###
..####..#...#.####§!#
..#__####..##.#≈≈§§c#
..#_____##'#..§§§§..+
⌠⌠#_.∩...'..._#§§§§c#
###_..__##_.#'##§####
#_____###+#.#![).#
####### ####@###


+$$T$$+ ####### You could see a deep troll.

Vanquished Creatures
  Sigmund (D)
  A yak (D)
  An ogre (D)
  A jelly (D)
  Ijyb (D)
5 creatures vanquished.

Notes
Turn   | Place    | Note
-------+----------+-------------------------------------------
     0 | D        | w00t the Demonspawn Assassin began the quest for the Orb.
     0 | D        | Reached XP level 1. HP: 16/16 MP: 1/1
     2 | D        | Noticed Ijyb
     5 | D        | Killed Ijyb
     5 | D        | Reached skill level 4 in Short Blades
     5 | D        | Gained mutation: You have large cloven feet. [demonic ancestry]
     5 | D        | Reached XP level 2. HP: 22/22 MP: 2/2
    11 | D        | Noticed an ogre
    13 | D        | Killed an ogre
    13 | D        | Reached skill level 7 in Short Blades
    13 | D        | Gained mutation: You are partially covered in thin metallic scales. (AC +2) [demonic ancestry]
    13 | D        | Reached XP level 3. HP: 27/27 MP: 3/3
    13 | D        | Reached XP level 4. HP: 33/33 MP: 4/4
    25 | D        | Noticed Sigmund
    52 | D        | Killed Sigmund
    52 | D        | Reached skill level 9 in Short Blades
    52 | D        | Reached XP level 5. HP: 8/38 MP: 5/5
    52 | D        | Gained mutation: You have hoof-like feet. [demonic ancestry]
    52 | D        | Reached XP level 6. HP: 9/44 MP: 6/6
   306 | D        | Found a deep blue altar of Sif Muna.
   308 | D        | Found a radiant altar of Vehumet.
   334 | D        | Found Zoaxt's Distillery.
   334 | D        | Found an ancient bone altar of Kikubaaqudgha.
   334 | D        | Found a hazy altar of Hepliaklqana.
   334 | D        | Found a hide-covered altar of Uskayaw.
   334 | D        | Found a basalt altar of Yredelemnul.
   334 | D        | Found an opulent altar of Gozag.
   334 | D        | Found a snail-covered altar of Cheibriados.
   334 | D        | Found a sacrificial altar of Ru.
   334 | D        | Found a shadowy altar of Dithmenos.
   334 | D        | Noticed a yak
   335 | D        | Found a stormy altar of Qazlal.
   335 | D        | Found a blossoming altar of Fedhas.
   335 | D        | Found a bloodstained altar of Trog.
   335 | D        | Found an iron altar of Okawaru.
   335 | D        | Found a glowing golden altar of the Shining One.
   335 | D        | Found a glowing silver altar of Zin.
   335 | D        | Found a white marble altar of Elyvilon.
   336 | D        | Killed a yak
   336 | D        | Reached skill level 10 in Short Blades
   337 | D        | Found a sparkling altar of Nemelex Xobeh.
   345 | D        | Became a worshipper of Dithmenos the Shadowed
   365 | D        | Noticed a centaur warrior
   366 | D        | Noticed a centaur warrior
   374 | D        | Noticed a deep troll
   381 | D        | Demolished by a deep troll

Vault maps used:
D:        dungeon_sprint_1

Skill      XL: |  1  2  3  4  5  6 |
---------------+-------------------+-----
Short Blades   | 4 7 9 10 | 10.9
Stealth        | 4 6 8 9 |  9.2
Fighting       | |  2.0
Throwing       | |  1.7
Dodging        | |  0.8

Action                   |  1- 3 |  4- 6 || total
-------------------------+-------+-------++-------
Melee: Dagger            |     2 |    33 ||    35
       Kick              |       |    12 ||    12
 Stab: Sleeping          |     2 |     2 ||     4
Armor: Robe              |       |     3 ||     3
Dodge: Dodged            |       |     7 ||     7
